General information
- name: BNet
- type: Ladder team game (AT/RT)
- host: Battle.net
- saver: DAGRENS-DAD.
map: MarketSquare
- players: 8
- length: 23:36
- speed: Fast
- version: 1.26 W3XP
- replay type: Public
» download(136 KB)
Players
team 1 (winner)
lil_darrwin (
blue | 55 APM | 1296 actions | 23:35)
6 Beastmaster
3 Summon Bear
2 Summon Quilbeast
1 Stampede
» actions
| Assign group hotkey | 18 | |
| Basic commands | 107 | |
| Build / train | 58 | |
| Enter build submenu | 30 | |
| Enter hero's abilities submenu | 6 | |
| Remove unit from queue | 10 | |
| Right click | 690 | |
| Select / deselect | 276 | |
| Select group hotkey | 48 | |
| Use ability | 53 | |
1296 total
» units
| Acolyte | 19 | |
| Ghoul | 13 | |
| Frost Wyrm | 2 | |
34 total
» upgrades
| Creature Attack | 3 | |
| Creature Carapace | 3 | |
| Unholy Strength | 1 | |
| Freezing Breath | 1 | |
| Web | 1 | |
9 total
» buildings
| Crypt | 2 | |
| Ziggurat | 9 | |
| Altar of Darkness | 1 | |
| Halls of the Dead | 1 | |
| Graveyard | 1 | |
| Black Citadel | 1 | |
| Sacrificial Pit | 1 | |
| Boneyard | 3 | |
| Necropolis | 2 | |
| Spirit Tower | 1 | |
22 total
» build order
00:09 Crypt
00:30 Ziggurat
00:50 Crypt
01:01 Altar of Darkness
01:37 Ziggurat
03:34 Ziggurat
04:03 Halls of the Dead
04:07 Graveyard
07:08 Black Citadel
08:13 Ziggurat
08:14 Ziggurat
08:56 Sacrificial Pit
10:30 Boneyard
10:33 Boneyard
10:35 Boneyard
13:24 Ziggurat
13:47 Necropolis
18:17 Ziggurat
18:19 Ziggurat
18:20 Ziggurat
18:22 Spirit Tower
19:20 Necropolis

»
DAGRENS-DAD. (
purple | 61 APM | 1437 actions | 23:36)
7 Blood Mage
3 Flame Strike
3 Siphon Mana
1 Summon Phoenix
» actions
| Assign group hotkey | 19 | |
| Basic commands | 7 | |
| Build / train | 54 | |
| Enter build submenu | 17 | |
| Enter hero's abilities submenu | 7 | |
| Right click | 673 | |
| Select / deselect | 206 | |
| Select group hotkey | 340 | |
| Use ability | 114 | |
1437 total
» units
| Peasant | 10 | |
| Footman | 6 | |
| Sorceress | 10 | |
26 total
» upgrades
| Masonry | 3 | |
| Lumber Harvesting | 2 | |
| Sorceress Training | 2 | |
| Magic Sentry | 1 | |
8 total
» buildings
| Altar of Kings | 1 | |
| Barracks | 1 | |
| Farm | 7 | |
| Scout Tower | 11 | |
| Arcane Tower | 3 | |
| Arcane Vault | 1 | |
| Keep | 1 | |
| Lumber Mill | 1 | |
| Castle | 2 | |
| Arcane Sanctum | 3 | |
| Guard Tower | 3 | |
| Blacksmith | 1 | |
35 total
» build order
00:20 Altar of Kings
00:24 Barracks
00:39 Farm
00:52 Farm
01:36 Farm
01:45 Scout Tower
01:56 Scout Tower
02:15 Arcane Tower
02:37 Arcane Tower
02:49 Arcane Vault
02:56 Scout Tower
03:52 Keep
03:58 Lumber Mill
04:12 Arcane Tower
05:36 Scout Tower
05:36 Scout Tower
05:37 Scout Tower
05:37 Scout Tower
06:43 Castle
06:43 Castle
07:13 Arcane Sanctum
07:15 Guard Tower
07:57 Farm
07:58 Farm
07:58 Farm
07:59 Farm
09:21 Arcane Sanctum
10:23 Blacksmith
12:47 Scout Tower
12:48 Scout Tower
12:49 Scout Tower
14:27 Guard Tower
14:28 Guard Tower
16:36 Arcane Sanctum
» items
| Potion of Invisibility | 1 | |
| Staff of Teleportation | 1 | |
| Potion of Lesser Invulnerability | 1 | |
3 total
The.Hunter (
orange | 39 APM | 913 actions | 23:35)
5 Blademaster
3 Mirror Image
2 Wind Walk
4 Shadow Hunter
2 Healing Wave
1 Serpent Ward
1 Hex
» actions
| Assign group hotkey | 12 | |
| Build / train | 82 | |
| Enter build submenu | 21 | |
| Enter hero's abilities submenu | 9 | |
| Right click | 528 | |
| Select / deselect | 154 | |
| Select group hotkey | 56 | |
| Use ability | 51 | |
913 total
» units
| Peon | 21 | |
| Grunt | 4 | |
| Troll Headhunter/Berserker | 7 | |
| Wind Rider | 7 | |
| Troll Batrider | 13 | |
52 total
» upgrades
| Ranged Weapons | 2 | |
| Armor | 2 | |
| Liquid Fire | 1 | |
| Envenomed Spears | 1 | |
| Berserker Upgrade | 1 | |
| Berserker Strength | 1 | |
| Spiked Barricades | 2 | |
| Reinforced Defenses | 1 | |
| Melee Weapons | 1 | |
| Troll Regeneration | 1 | |
| Burning Oil | 1 | |
| Ensnare | 1 | |
| War Drums Damage Increase | 1 | |
16 total
» buildings
| Altar of Storms | 1 | |
| Orc Burrow | 8 | |
| Barracks | 2 | |
| Voodoo Lounge | 1 | |
| Stronghold | 1 | |
| War Mill | 2 | |
| Beastiary | 5 | |
| Great Hall | 2 | |
| Fortress | 1 | |
23 total
» build order
00:09 Altar of Storms
00:13 Orc Burrow
00:26 Barracks
01:26 Orc Burrow
02:04 Voodoo Lounge
03:25 Orc Burrow
03:58 Stronghold
04:20 War Mill
05:12 Orc Burrow
05:38 Barracks
07:36 Orc Burrow
07:58 Orc Burrow
08:09 Beastiary
09:05 Beastiary
09:10 War Mill
09:50 Orc Burrow
11:23 Orc Burrow
12:38 Great Hall
14:34 Fortress
14:38 Beastiary
15:54 Great Hall
16:32 Beastiary
16:39 Beastiary
» items
idontwanttotalk (
pink | 99 APM | 2331 actions | 23:35)
6 Keeper of the Grove
2 Force of Nature
2 Entangling Roots
1 Thorns Aura
1 Tranquility
4 Priestess of the Moon
3 Trueshot Aura
1 Searing Arrows
» actions
| Assign group hotkey | 23 | |
| Build / train | 83 | |
| Enter build submenu | 19 | |
| Enter hero's abilities submenu | 10 | |
| Give item / drop item | 1 | |
| Remove unit from queue | 1 | |
| Right click | 1277 | |
| Select / deselect | 234 | |
| Select group hotkey | 624 | |
| Use ability | 59 | |
2331 total
» units
| Wisp | 24 | |
| Archer | 9 | |
| Hippogryph | 8 | |
| Chimaera | 8 | |
| Faerie Dragon | 1 | |
50 total
» upgrades
| Improved Bows | 1 | |
| Ultravision | 1 | |
| Marksmanship | 1 | |
| Well Spring | 1 | |
| Strength of the Wild | 2 | |
| Corrosive Breath | 1 | |
| Hippogryph Taming | 1 | |
| Reinforced Hides | 1 | |
9 total
» buildings
| Altar of Elders | 1 | |
| Moon Well | 6 | |
| Ancient of War | 2 | |
| Tree of Ages | 1 | |
| Hunter's Hall | 1 | |
| Ancient of Wonders | 1 | |
| Tree of Eternity | 1 | |
| Ancient of Wind | 2 | |
| Tree of Life | 3 | |
| Chimaera Roost | 2 | |
20 total
» build order
00:16 Altar of Elders
00:22 Moon Well
01:18 Moon Well
01:23 Ancient of War
01:49 Ancient of War
02:15 Moon Well
05:17 Tree of Ages
07:05 Moon Well
07:09 Hunter's Hall
07:17 Ancient of Wonders
08:31 Moon Well
08:33 Tree of Eternity
08:43 Ancient of Wind
09:00 Tree of Life
09:32 Moon Well
12:38 Chimaera Roost
12:41 Chimaera Roost
14:33 Ancient of Wind
20:14 Tree of Life
23:20 Tree of Life
» items
| Scroll of Town Portal | 3 | |
| Scroll of Healing | 1 | |
| Potion of Lesser Invulnerability | 1 | |
| Orb of Venom | 1 | |
6 total
team 2 (loser)
PlayCustomGames (
teal | 28 APM | 446 actions | 16:10)
3 Mountain King
2 Storm Bolt
1 Bash
» actions
| Basic commands | 1 | |
| Build / train | 48 | |
| Enter build submenu | 17 | |
| Enter hero's abilities submenu | 3 | |
| Remove unit from queue | 1 | |
| Right click | 184 | |
| Select / deselect | 163 | |
| Use ability | 29 | |
446 total
» units
| Peasant | 9 | |
| Footman | 8 | |
| Rifleman | 7 | |
| Mortar Team | 11 | |
35 total
» upgrades
| Defend | 1 | |
| Gunpowder | 2 | |
| Lumber Harvesting | 1 | |
| Armor | 1 | |
| Masonry | 1 | |
6 total
» buildings
| Altar of Kings | 1 | |
| Farm | 9 | |
| Barracks | 1 | |
| Keep | 1 | |
| Arcane Vault | 1 | |
| Blacksmith | 1 | |
| Lumber Mill | 1 | |
| Town Hall | 1 | |
| Workshop | 2 | |
18 total
» build order
00:05 Altar of Kings
00:11 Farm
00:13 Barracks
00:55 Farm
01:43 Farm
02:23 Farm
03:09 Farm
03:40 Keep
04:00 Arcane Vault
04:08 Blacksmith
04:36 Lumber Mill
05:13 Farm
06:49 Town Hall
08:06 Workshop
10:24 Workshop
11:06 Farm
12:09 Farm
15:35 Farm
» items
Smasher_ (
yellow | 58 APM | 1187 actions | 20:22)
4 Demon Hunter
2 Immolation
2 Evasion
3 Keeper of the Grove
2 Entangling Roots
1 Thorns Aura
» actions
| Assign group hotkey | 15 | |
| Build / train | 49 | |
| Enter build submenu | 30 | |
| Enter hero's abilities submenu | 8 | |
| Remove unit from queue | 1 | |
| Right click | 745 | |
| Select / deselect | 216 | |
| Select group hotkey | 86 | |
| Use ability | 37 | |
1187 total
» units
| Wisp | 19 | |
| Huntress | 5 | |
| Chimaera | 3 | |
| Hippogryph | 5 | |
32 total
» upgrades
| Strength of the Wild | 2 | |
| Corrosive Breath | 1 | |
| Reinforced Hides | 1 | |
4 total
» buildings
| Altar of Elders | 1 | |
| Moon Well | 6 | |
| Ancient of War | 3 | |
| Hunter's Hall | 1 | |
| Tree of Ages | 1 | |
| Ancient Protector | 10 | |
| Tree of Eternity | 1 | |
| Ancient of Wind | 2 | |
| Chimaera Roost | 3 | |
28 total
» build order
00:22 Altar of Elders
00:35 Moon Well
00:48 Ancient of War
01:41 Moon Well
02:13 Hunter's Hall
02:41 Ancient of War
02:44 Ancient of War
02:49 Moon Well
05:06 Moon Well
05:22 Tree of Ages
07:47 Ancient Protector
07:54 Ancient Protector
08:05 Ancient Protector
08:24 Ancient Protector
08:48 Ancient Protector
08:58 Tree of Eternity
09:47 Ancient Protector
10:14 Ancient Protector
10:23 Ancient Protector
10:25 Ancient Protector
10:28 Ancient Protector
11:00 Ancient of Wind
11:44 Moon Well
12:03 Chimaera Roost
12:06 Chimaera Roost
12:40 Chimaera Roost
12:58 Moon Well
14:29 Ancient of Wind
» items

»
civic_dreams (
green | 31 APM | 724 actions | 23:34)
4 Far Seer
2 Feral Spirit
2 Chain Lighting
» actions
| Assign group hotkey | 6 | |
| Build / train | 52 | |
| Enter build submenu | 25 | |
| Enter hero's abilities submenu | 4 | |
| Right click | 218 | |
| Select / deselect | 191 | |
| Select group hotkey | 173 | |
| Use ability | 55 | |
724 total
» units
| Peon | 8 | |
| Troll Headhunter/Berserker | 7 | |
| Wind Rider | 6 | |
| Troll Batrider | 14 | |
35 total
» upgrades
| Ranged Weapons | 1 | |
| Liquid Fire | 1 | |
| Berserker Upgrade | 1 | |
3 total
» buildings
| Orc Burrow | 6 | |
| Altar of Storms | 1 | |
| Barracks | 1 | |
| War Mill | 1 | |
| Voodoo Lounge | 1 | |
| Stronghold | 1 | |
| Watch Tower | 7 | |
| Beastiary | 2 | |
| Fortress | 1 | |
21 total
» build order
00:09 Orc Burrow
00:19 Altar of Storms
01:09 Barracks
01:37 Orc Burrow
01:56 War Mill
02:23 Voodoo Lounge
03:05 Stronghold
03:36 Watch Tower
04:09 Watch Tower
04:19 Orc Burrow
04:40 Watch Tower
05:39 Beastiary
05:47 Watch Tower
07:10 Watch Tower
07:22 Orc Burrow
08:24 Watch Tower
10:13 Beastiary
10:20 Fortress
11:57 Orc Burrow
13:01 Orc Burrow
14:37 Watch Tower
» items
| Lesser Clarity Potion | 2 | |
| Scroll of Town Portal | 2 | |
| Healing Salve | 2 | |
| Potion of Healing | 1 | |
7 total

»
Rumak (
red | 25 APM | 181 actions | 07:14)
2 Crypt Lord
1 Carrion Beetles
1 Impale
» actions
| Build / train | 17 | |
| Enter build submenu | 10 | |
| Enter hero's abilities submenu | 2 | |
| Right click | 62 | |
| Select / deselect | 75 | |
| Use ability | 15 | |
181 total
» units
| Acolyte | 3 | |
| Ghoul | 2 | |
| Crypt Fiend | 7 | |
12 total
» buildings
| Crypt | 1 | |
| Ziggurat | 4 | |
| Altar of Darkness | 1 | |
| Graveyard | 1 | |
| Tomb of Relics | 1 | |
| Halls of the Dead | 1 | |
| Black Citadel | 1 | |
| Slaughterhouse | 1 | |
11 total
» build order
00:12 Crypt
00:18 Ziggurat
00:32 Altar of Darkness
01:18 Graveyard
01:54 Ziggurat
02:16 Tomb of Relics
03:25 Halls of the Dead
04:00 Ziggurat
04:51 Ziggurat
05:48 Black Citadel
06:35 Slaughterhouse
Chat log
(00:20 / Allies) lil_darrwin: RUSH!
(00:26 / Allies) lil_darrwin: get inferno stone then hit
(00:30 / Allies) DAGRENS-DAD.: rush the ccreeps?
(00:33 / Allies) lil_darrwin: yeah
(00:34 / Allies) DAGRENS-DAD.: inferno stone drops from here
(01:45 / Allies) lil_darrwin: going BEAStmASter
(02:07 / Allies) lil_darrwin: so we hitting that red north of me purp?
(02:25 / Allies) DAGRENS-DAD.: i guess lol
(02:34 / Allies) lil_darrwin: ok gimme 30 sec
(02:57 / Allies) lil_darrwin: go
(03:04 / Allies) lil_darrwin: lol
(03:17 / Allies) lil_darrwin: this is hilarious
(03:22 / Allies) DAGRENS-DAD.: we're playing world of warcraf t
(03:26 / Allies) lil_darrwin: hahaha
(03:38 / Allies) DAGRENS-DAD.: middle?
(03:39 / Allies) DAGRENS-DAD.: we can do it
(03:49 / Allies) lil_darrwin: furbolg!! sweet
(03:53 / Allies) lil_darrwin: ok
(04:11 / Allies) idontwanttotalk: i thought we rushin
(04:15 / Allies) lil_darrwin: we should
(04:22 / Allies) lil_darrwin: PURP
(04:25 / Allies) lil_darrwin: NOOOOOOOOOOOOOOOOOOOOOOOOOOOOOOOO
(04:28 / Allies) lil_darrwin: we needed that furblog for the rush... that was the whole point
(04:43 / Allies) lil_darrwin: furblog = lvl 5 hero
(04:59 / Allies) lil_darrwin: im depressed now
(05:18 / Allies) lil_darrwin: go fast
(05:22 / Allies) lil_darrwin: how many seconds left on that furblog?
(05:28 / Allies) DAGRENS-DAD.: another 4 min
(05:40 / Allies) lil_darrwin: 180 sec max... so 80 sec?
(05:58 / All) lil_darrwin: WE HAVE FURBOLG GG
(06:07 / All) lil_darrwin: AND RED IS NOOB LOL
(07:18 / All) DAGRENS-DAD.: pro rush
(07:20 / All) DAGRENS-DAD.: furlong gg
(07:36 / Allies) lil_darrwin: its so badass when you get the inferno tho
(07:41 / Allies) lil_darrwin: with immolation
(07:47 / Allies) DAGRENS-DAD.: next base fuck this one niggas
(08:05 / Allies) lil_darrwin: fuck that
(08:16 / Allies) DAGRENS-DAD.: inferno?
(08:18 / Allies) DAGRENS-DAD.: lets do it again
(08:23 / Allies) lil_darrwin: hah
(08:26 / Allies) lil_darrwin: ok
(09:08 / All) lil_darrwin: YAY
(09:17 / Allies) lil_darrwin: so excited
(09:25 / Allies) lil_darrwin: im basically a lvl 6 dl right now
(09:33 / All) DAGRENS-DAD.: god dammit niggers
(09:35 / All) Smasher_: faggers
(09:50 / All) lil_darrwin: BOOM BITC
(10:51 / Allies) DAGRENS-DAD.: nice tp pink
(15:23 / Allies) lil_darrwin: invis my wyrms yo
(15:36 / Allies) lil_darrwin: fuck y eah
(15:37 / Allies) lil_darrwin: thanks
(16:08 / All) civic_dreams: tp
(17:59 / Allies) lil_darrwin: oh fuck
(18:43 / Allies) lil_darrwin: thanks
(19:11 / Allies) DAGRENS-DAD.: fun gam elol
(19:15 / Allies) lil_darrwin: yeah lol
(19:25 / Allies) DAGRENS-DAD.: i just raped all his burrows
(19:43 / All) lil_darrwin: yellow watch your back
(20:40 / Allies) DAGRENS-DAD.: lol
(20:45 / Allies) DAGRENS-DAD.: nice stab
(20:53 / Allies) lil_darrwin: it wasnt me
(21:08 / Allies) lil_darrwin: honestly tho
(21:10 / Allies) lil_darrwin: watch replay
(21:13 / Allies) DAGRENS-DAD.: i will
(21:23 / Allies) DAGRENS-DAD.: spamming s didnt even let me tp
(21:49 / All) lil_darrwin: AIGHT GREEN READY TO COME OUT AND PLAY?
(22:43 / Allies) DAGRENS-DAD.: beastmaster ultimate gogo
(22:53 / Allies) DAGRENS-DAD.: dont kill his hero or he'll leave
(23:28 / All) DAGRENS-DAD.: kodo #1